 Dungeon Crawl Stone Soup version 0.28.0-1-gb440e238dd (webtiles) character file.

Game seed: 4268922411238037264

441 Colgate the Conjurer (level 6, -9/41 HPs)
             Began as a Demonspawn Conjurer on Feb 19, 2022.
             Mangled by Pikel (12 damage)
             ... on level 3 of the Dungeon.
             The game lasted 00:16:44 (6657 turns).

Colgate the Conjurer (Demonspawn Conjurer)          Turns: 6657, Time: 00:16:45

Health: -9/41      AC:  2    Str:  7    XL:     6   Next: 70%
Magic:  0/9        EV: 17    Int: 21    God:
Gold:   142        SH:  0    Dex: 14    Spells: 2/9 levels left

rFire   . . .      SeeInvis .   t - +5 quarterstaff (chaos)
rCold   . . .      Faith    .   (shield currently unavailable)
rNeg    . . .      Spirit   +   a - +0 robe
rPois   .          Reflect  .   (no helmet)
rElec   .          Harm     .   (no cloak)
rCorr   .          Rampage  .   (no gloves)
Will    .....                   (no boots)
Stlth   +++.......              o - amulet of guardian spirit
HPRegen 0.13/turn               (no ring)
MPRegen 0.11/turn               (no ring)

@: agile, very slightly contaminated
A: thin skeletal structure 1, powered by pain 2
a: no special abilities


You were on level 3 of the Dungeon.
You visited 1 branch of the dungeon, and saw 4 of its levels.

You collected 142 gold pieces.

Inventory:

Hand Weapons
 t - a +5 quarterstaff of chaos (weapon)
Armour
 a - a +0 robe (worn)
 f - a +0 pair of boots
 j - a +0 buckler
 r - a +0 cloak
Jewellery
 e - a ring of fire
 o - an amulet of guardian spirit (around neck)
Wands
 g - a wand of flame (21)
 l - a wand of polymorph (8)
Potions
 b - 3 potions of attraction
 d - 2 potions of mutation
 i - 3 potions of curing {@q1}
 q - a potion of lignification {unknown}
 s - a potion of berserk rage {unknown}


   Skills:
 - Level 1.7 Dodging
 - Level 1.7 Stealth
 - Level 2.0 Spellcasting
 + Level 6.9 Conjurations
 - Level 4.0 Hexes


You had 2 spell levels left.
You knew the following spells:

 Your Spells              Type           Power      Damage    Failure   Level
a - Magic Dart            Conj           100%       1d8       1%          1
b - Searing Ray           Conj           62%        2d6       1%          2
c - Fulminant Prism       Conj/Hex       12%        3d9       16%         4

Your spell library contained the following spells:

 Spells                   Type           Power      Damage    Failure   Level
 Dazzling Flash           Conj/Hex       50%        N/A       4%          3
 Iskenderun's Mystic Bla  Conj/Tloc      16%        2d5       34%         4


Dungeon Overview and Level Annotations

Branches:
Dungeon (4/15)
 Temple: D:4-7

Altars:
Cheibriados
Qazlal

Annotations:
D:3 Pargi, Pikel
D:4 Robin


Innate Abilities, Weirdness & Mutations

You have a somewhat thin skeletal structure. (Dex +2, Stealth+)
You sometimes gain power by taking damage.


Message History

There is a stone staircase leading down here.
Magic restored.
Done exploring.
You climb downwards.
Level annotation: Pikel, Robin The lemure hits you.
Pikel hits you with a +0 whip of electrocution!
You are electrocuted!
You focus on the pain.
You feel agile all of a sudden.
A lemure comes into view.
The lemure completely misses you.
There is a stone staircase leading up here.
Pikel closely misses you. The lemure barely misses you.
You climb upwards.
Level annotation: Pargi
There is a stone staircase leading down here.
Okay, then.
You aren't carrying any scrolls.
Aiming: Polymorph
Aim: Pikel, wielding a +0 whip of electrocution and wearing a +0 robe (moderately wounded, will become an ice beast, a tengu, or a golden eye, chance to affect: 49%)
Okay, then.
Unknown command.
Casting: Fulminant Prism (quite dangerous; 16% risk of failure)
Aiming: Fulminant Prism (quite dangerous; 16% risk of failure)
You miscast Fulminant Prism.
You are very lightly contaminated with residual magic.
You are caught in a violent explosion!
* * * LOW HITPOINT WARNING * * *
Pikel misses you. The lemure closely misses you.
You hit Pikel but do no damage. Pikel closely misses you. The lemure hits you.
* * * LOW HITPOINT WARNING * * *
Pikel misses you.
You hit Pikel. The lemure hits you.
* * * LOW HITPOINT WARNING * * *
Pikel hits you with a +0 whip of electrocution.
* * * LOW HITPOINT WARNING * * *
You miss Pikel. The lemure closely misses you.
Pikel hits you with a +0 whip of electrocution!
You die...

....)..##### ###
######.....# ##.## #
#..##.###########...## #
#....................# ###
##.########.#####...## ..#
#.# #.# ##.## #.# #.# #.#
#.# #.# #.# #5# #.# #.#
#.# #@# #.# #.# #.# #K#
#.# #.# #.# #.# #.# #.#
#.##### #.# #.# #.#
#.....####.######.#
#.#####.###.....#.......#
........# #..###.########
........# #..# #.#
........###..###.#########


You could see Pikel and a lemure.

Vanquished Creatures
  Sigmund (D:2)
  An orc priest (D:2)
  Crazy Yiuf (D:3)
  A jelly (D:4)
  Jessica (D:2)
  2 orc wizards
  3 adders
  2 worms (D:3)
  3 dart slugs
  5 orcs
  6 ball pythons
  6 endoplasms
  A giant cockroach (D:2)
  11 goblins
  7 hobgoblins
  4 jackals (D:1)
  3 quokkas
  6 bats
  A frilled lizard (D:3)
  7 kobolds
  4 rats
76 creatures vanquished.

Vanquished Creatures (others)
  36 fulminant prisms
36 creatures vanquished.

Grand Total: 112 creatures vanquished

Notes
Turn   | Place    | Note
-------+----------+-------------------------------------------
     0 | D:1      | Colgate the Demonspawn Conjurer began the quest for the
                  | Orb.
     0 | D:1      | Reached XP level 1. HP: 13/13 MP: 3/3
   464 | D:1      | Gained mutation: You sometimes gain a little power by
                  | taking damage. [demonic ancestry]
   464 | D:1      | Reached XP level 2. HP: 19/19 MP: 1/5
   467 | D:1      | Learned a level 2 spell: Searing Ray
  1220 | D:1      | Reached skill level 5 in Conjurations
  1296 | D:1      | Gained mutation: You have a somewhat thin skeletal
                  | structure. (Dex +2, Stealth+) [demonic ancestry]
  1296 | D:1      | Reached XP level 3. HP: 24/24 MP: 4/6
  1966 | D:2      | Noticed Sigmund
  2342 | D:2      | Reached XP level 4. HP: 20/30 MP: 4/7
  2347 | D:2      | Learned a level 4 spell: Fulminant Prism
  2894 | D:2      | Reached skill level 6 in Conjurations
  3383 | D:2      | Found a stormy altar of Qazlal.
  3404 | D:2      | Noticed Jessica
  3406 | D:2      | Killed Jessica
  3407 | D:2      | Reached skill level 1 in Hexes
  3407 | D:2      | Gained mutation: You sometimes gain power by taking damage.
                  | [demonic ancestry]
  3407 | D:2      | Reached XP level 5. HP: 35/35 MP: 5/8
  3477 | D:2      | Killed Sigmund
  3478 | D:2      | Reached XP level 6. HP: 25/41 MP: 0/9
  4084 | D:3      | Found a runed translucent door.
  4085 | D:3      | Noticed Crazy Yiuf
  4918 | D:3      | Found a snail-covered altar of Cheibriados.
  5320 | D:3      | Killed Crazy Yiuf
  5551 | D:4      | Noticed Pargi
  5693 | D:4      | Noticed Robin
  5886 | D:3      | Found a snail-covered altar of Cheibriados.
  6574 | D:4      | Noticed Pikel
  6657 | D:3      | Mangled by Pikel

Illustrated notes

Levels and vault maps discovered:
D:1:      minmay_arrival_nine_rooms, layout_loops_cross, serial_rivers,
          chequers_serial_rivers_large_b, chequers_serial_rivers_room_b,
          chequers_serial_rivers_micro_d, chequers_serial_rivers_small_a,
          minmay_tree_intersection, hex_tiny, chequers_serial_rivers_micro_d
D:2:      layout_basic, basic_altar, uniq_sigmund, uniq_jessica
D:3:      layout_loops_ring, mainiacjoe_overflow_six_doors_small,
          uniq_crazy_yiuf_cottage
D:4:      layout_cave_pods, minmay_temple_entry_glassed_door, uniq_pargi,
          uniq_robin, uniq_pikel, uniq_edmund

Skill      XL: |  1  2  3  4  5 |
---------------+----------------+-----
Conjurations   | 5 6 |  6.9
Hexes          | 1 4 |  4.0
Dodging        | |  1.7
Stealth        | |  1.7
Spellcasting   | |  2.0

Action                   |  1- 3 |  4- 6 || total
-------------------------+-------+-------++-------
Melee: Whip              |    18 |       ||    18
       Dagger            |     3 |    18 ||    21
       Quarterstaff      |       |     8 ||     8
 Cast: Magic Dart        |    47 |    17 ||    64
       Searing Ray       |    16 |     7 ||    23
       Fulminant Prism   |       |    36 ||    36
  Use: Scroll            |       |     7 ||     7
Armor: Robe              |     6 |     9 ||    15
Dodge: Dodged            |    23 |    33 ||    56
